AoeStats
← jantotu

Arabia

509382680Analyzed
1v1 RM · 6d ago on Sep 26, 2026· 46m 45s· 2 players
Game mode
Random Map
Map size
Tiny (2 player)
Population
200
Speed
Normal
Resources
Standard
Victory
Conquest
Starting age
Dark Age
Ending age
Imperial Age
RankedLock teamsTeams togetherTeam positionsShared explorationLock speedFull tech treeHidden civsTurbo modeCheats
Victory
Defeat
🇨🇭 Wei · Switzerland
1213
+15
🇻🇳 Japanese · Vietnam
1185
-15
MemeManVai
10:12 Feudal Age
8:29 Loom
10:14 Feudal Age
11:05 Double-Bit Axe
17:34 Castle Age
15:45 Stone Mining
16:14 Scale Mail Armor
18:03 Forging
18:56 Chain Mail Armor
18:37 Horse Collar
19:09 Bow Saw
22:15 Iron Casting
21:30 Fletching
32:20 Wheelbarrow
33:15 Bodkin Arrow
34:12 Town Watch
35:24 Heavy Plow
36:43 Padded Archer Armor
39:38 Leather Archer Armor
42:54 Imperial Age
42:51 Hand Cart
42:37 Town Patrol
42:58 Treadmill Crane
44:18 Plate Mail Armor
44:49 Blast Furnace
44:11 Conscription
43:36 Elite Samurai
45:29 Redemption
45:15 Capped Ram
jantotu
8:03 Loom
10:35 Feudal Age
11:06 Double-Bit Axe
11:02 Horse Collar
11:27 Gold Mining
15:49 Fletching
21:38 Castle Age
22:31 Bow Saw
21:52 Crossbowman
22:39 Bodkin Arrow
27:12 Heavy Plow
27:55 Scale Barding Armor
30:35 Forging
32:59 Padded Archer Armor
33:44 Bloodlines
34:27 Husbandry
38:27 Wheelbarrow
38:32 Ballistics
41:24 Imperial Age
39:56 Tuntian
41:05 Hand Cart
41:45 Heavy Hei Guang Cavalry
42:48 Chain Barding Armor
43:04 Iron Casting
44:27 Ming Guang Armor
Connection lost

Rejoining the realm…

Still unreachable

The connection could not be restored.

Session expired

The server has moved on; the page needs a fresh start.